 Dungeon Crawl Stone Soup version 0.17-a0-2064-g265a032 (webtiles) character file.

2946 brucemayne the Cleaver (level 9, -1/63 HPs)
             Began as a Demonspawn Berserker on Oct 12, 2015.
             Was a Priest of Trog.
             Slain by a killer bee (2 damage)
             ... on level 10 of the Dungeon.
             The game lasted 00:18:08 (2143 turns).

brucemayne the Cleaver (Demonspawn Berserker)       Turns: 2143, Time: 00:18:11

Health: -1/63      AC:  9    Str: 20    XL:     9   Next: 51%
Magic:  9/9        EV: 11    Int:  9    God:    Trog [***...]
Gold:   150        SH:  0    Dex: 13    Spells: 0 memorised, 8 levels left

rFire  . . .     SeeInvis .     a - +1 hand axe
rCold  . . .     Clarity  .     v - +0 chain mail
rNeg   . . .     SustAt   .     (no shield)
rPois  .         Gourm    .     (helmet restricted)
rElec  .         Spirit   .     (no cloak)
rCorr  .         Warding  .     q - +0 pair of gloves
rMut   .         Stasis   .     (no boots)
MR     ++...                    (no amulet)
Stlth  ..........               (no ring)
                                (no ring)

@: lethally poisoned (-1 -> -1), exhausted, regenerating, slowed, very slow,
very resistant to hostile enchantments, extremely unstealthy
A: horns 2, repulsion field 2, demonic guardian 1
a: Burn Spellbooks, Berserk, Trog's Hand, Renounce Religion


You were on level 10 of the Dungeon.
You worshipped Trog.
Trog was most pleased with you.
You were near starving.

You visited 1 branch of the dungeon, and saw 11 of its levels.

You collected 150 gold pieces.

Inventory:

Hand Weapons
 a - a +1 hand axe (weapon)
 n - a +1 flail of holy wrath
 y - a +3 battleaxe
Missiles
 l - 41 stones
 o - 3 throwing nets (quivered)
 x - 11 poisoned needles
Armour
 b - a +0 animal skin
 k - a +0 leather armour
 p - a +0 ring mail
 q - a +0 pair of gloves (worn)
 s - a +0 scale mail
 v - a +0 chain mail (worn)
Jewellery
 w - an uncursed amulet of rage {unknown}
Wands
 i - a wand of magic darts (13)
Scrolls
 d - 3 scrolls of teleportation
 f - a scroll of enchant armour
 j - a scroll of identify
 m - 2 scrolls of remove curse
 t - a scroll of recharging
 u - a scroll of silence
Books
 g - a book of Maledictions

   Spells                             Type                      Level
   a - Corona                         Hexes                        1
   b - Ensorcelled Hibernation        Hexes/Ice                    2
   c - Confuse                        Hexes                        3
   d - Tukima's Dance                 Hexes                        3
   e - Dazzling Spray                 Conjuration/Hexes            3
   Trog disapproves of the use of such an item.
Comestibles
 c - a bread ration
 r - a meat ration


   Skills:
 - Level 3.0 Fighting
 + Level 12.1 Axes
 - Level 1.7 Armour
 - Level 2.0 Dodging


You had 8 spell levels left.
You didn't know any spells.

Dungeon Overview and Level Annotations

Branches:
Dungeon (11/15)              Lair (0/8) D:8
 Temple: D:4-7          Orc: D:9-12

Altars:
Fedhas
Makhleb
Trog

Shops:
D:6 (

Annotations:
D:6 abixa's ghost, novice OgBe


Innate Abilities, Weirdness & Mutations

You have a pair of horns on your head.
You are surrounded by a moderate repulsion field (EV +3).
A weak demonic guardian rushes to your aid.


Message History

You feel sick.
The killer bee stings you but does no damage.
The killer bee stings you.
* * * LOW HITPOINT WARNING * * *
You see here a giant frog corpse.
You feel sick. The killer bee stings you.
* * * LOW HITPOINT WARNING * * *
The killer bee stings you.
* * * LOW HITPOINT WARNING * * *
You aren't carrying any potions.
Unknown command.
The killer bee barely misses you.
Your iron imp hits the killer bee!
The killer bee barely misses you.
Use which ability?
Your skin crawls.
You feel resistant to hostile enchantments.
You feel slightly more hungry.
You feel sick. The killer bee stings you.
* * * LOW HITPOINT WARNING * * *
The killer bee stings you.
You die...

.# .....## .##########..y..
## ...............#..##
.....#######.......#
####..#### ##.# ####
##......#..# ##...## #
#####...##### ##.....## #
##...†y5###.......## #
#.####@##.....)...# ## #.
#............# .# #.#
####.........# .#### #.#
##.........# ....#######.##
#.........##
###...##.....#####.##.....##
###.........#....###...##
##..........#### ####
#.........##


You could see a killer bee and a friendly iron imp.

Vanquished Creatures
  The ghost of MordorOrchid the Nimble, a novice OpWz of Vehumet (D:10)
  A hill giant (D:10)
  The ghost of radek the Destroyer, a novice DECj (D:5)
  A fire drake (D:8)
  A wyvern (D:8)
  2 hippogriffs
  A sky beast (D:9)
  An orc warrior (D:9)
  A phantom (D:9)
  A big kobold (D:10)
  A centaur (D:8)
  6 killer bees (D:10)
  A crimson imp (D:10)
  A giant frog skeleton (D:8)
  A hound (D:7)
  6 orc wizards
  3 jellies
  An orc priest (D:9)
  An iguana (D:7)
  6 gnolls
  4 adders
  2 oozes
  12 orcs
  3 bats
  A goblin (D:3)
  A hobgoblin (D:1)
  2 quokkas
  A giant gecko skeleton (D:5)
  A giant newt (D:1)
  6 jackals (D:1)
  9 kobolds
  3 rats
83 creatures vanquished.

Vanquished Creatures (collateral kills)
  2 giant frogs
  A scorpion (D:9)
  A crimson imp (D:7)
  An orc wizard (D:8)
  A gnoll (D:5)
  An orc (D:9)
7 creatures vanquished.

Vanquished Creatures (others)
  A giant gecko (D:3)
1 creature vanquished.

Grand Total: 91 creatures vanquished

Notes
Turn   | Place    | Note
--------------------------------------------------------------
     0 | D:1      | brucemayne the Demonspawn Berserker began the quest for the Orb.
     0 | D:1      | Reached XP level 1. HP: 18/18 MP: 1/1
    79 | D:1      | Gained mutation: You are surrounded by a mild repulsion field (EV +2). [demonic ancestry]
    79 | D:1      | Reached XP level 2. HP: 4/24 MP: 2/2
   299 | D:2      | Reached ** piety under Trog
   355 | D:3      | Reached XP level 3. HP: 19/29 MP: 3/3
   392 | D:2      | Reached skill level 4 in Axes
   437 | D:3      | Gained mutation: A weak demonic guardian rushes to your aid. [demonic ancestry]
   437 | D:3      | Reached XP level 4. HP: 25/35 MP: 4/4
   481 | D:4      | Noticed a hippogriff
   490 | D:4      | Killed a hippogriff
   490 | D:4      | Reached skill level 5 in Axes
   490 | D:4      | Reached XP level 5. HP: 36/41 MP: 5/5
   574 | D:5      | Entered Level 5 of the Dungeon
   574 | D:5      | Noticed radek's ghost (novice DECj)
   588 | D:5      | Killed radek's ghost
   588 | D:5      | Reached skill level 6 in Axes
   588 | D:5      | Reached XP level 6. HP: 47/47 MP: 6/6
   708 | D:5      | Found a bloodstained altar of Trog.
   780 | D:6      | Found Goyba's Antique Weapon Shop.
   786 | D:6      | Found a burning altar of Makhleb.
   810 | D:6      | Noticed abixa's ghost (novice OgBe)
   892 | D:7      | Reached skill level 7 in Axes
   989 | D:8      | Noticed a fire drake
  1011 | D:8      | Killed a fire drake
  1011 | D:8      | Gained mutation: You have a pair of small horns on your head. [demonic ancestry]
  1011 | D:8      | Reached XP level 7. HP: 49/52 MP: 7/7
  1041 | D:8      | Reached skill level 8 in Axes
  1210 | D:8      | Noticed a wyvern
  1254 | D:8      | Found a blossoming altar of Fedhas.
  1324 | D:9      | Gained mutation: You are surrounded by a moderate repulsion field (EV +3). [demonic ancestry]
  1324 | D:9      | Reached XP level 8. HP: 33/58 MP: 8/8
  1383 | D:9      | Reached skill level 9 in Axes
  1440 | D:8      | Reached *** piety under Trog
  1445 | D:8      | Killed a wyvern
  1455 | D:8      | Found a staircase to the Lair.
  1569 | D:9      | Reached skill level 10 in Axes
  1706 | D:10     | Entered Level 10 of the Dungeon
  1706 | D:10     | Noticed a hill giant
  1732 | D:10     | Killed a hill giant
  1732 | D:10     | Gained mutation: You have a pair of horns on your head. [demonic ancestry]
  1732 | D:10     | Reached XP level 9. HP: 39/63 MP: 9/9
  1734 | D:10     | Reached skill level 11 in Axes
  2008 | D:10     | Noticed MordorOrchid's ghost (novice OpWz)
  2057 | D:10     | HP: 3/63 [MordorOrchid's ghost (3)]
  2059 | D:10     | Killed MordorOrchid's ghost
  2059 | D:10     | Reached skill level 12 in Axes
  2143 | D:10     | HP: 1/63 [killer bee (6)]
  2143 | D:10     | Slain by a killer bee

Vault maps used:
D:1:      dpeg_arrival_lava_altar
D:2:      kennysheep_the_goblin_king, uniq_jessica
D:3:      fiery_altar_vehumet, ecumenical_altar_1, first_bread
D:4:      led_sif_book, cheibriados_altar_wand_db, grunt_gozag_statues,
          minmay_temple_entry_enclosed_plants, serial_shops, shop_statue,
          kennysheep_dice
D:5:      lightli_temple_of_fire
D:6:      kiku_gazebo_pond_becter, serial_shops, kennysheep_mini, basic_altar,
          uniq_duvessa, uniq_edmund
D:7:      patterned_corridor
D:8:      grunt_qazlal_clouds, fedhas_altar_1, minmay_lair_entry_lava,
          basic_altar, the_bakery
D:9:      lemuel_slime, amethyst_killhole, corexii_corridor_pit, st_stairs_14,
          minmay_misc_feat_rows, uniq_grum, uniq_psyche
D:10:     abandoned_shop
D:11:     zombieorc1_lemuel

Action                   |  1- 3 |  4- 6 |  7- 9 || total
-------------------------+-------+-------+-------++-------
Melee: Hand axe          |    68 |    96 |   165 ||   329
Throw: Throwing net      |       |     1 |     1 ||     2
Invok: Berserk           |     4 |     4 |     9 ||    17
       Trog's Hand       |       |       |    10 ||    10
Evoke: Wand              |       |       |     2 ||     2
  Use: Scroll            |       |     7 |     4 ||    11
       Potion            |       |       |     1 ||     1
 Stab: Distracted        |       |       |     1 ||     1
  Eat: Chunk             |     3 |     5 |    12 ||    20
       Beef jerky        |       |       |     1 ||     1
